 Dungeon Crawl Stone Soup version 0.31.0-11-ge490571c62 (webtiles) character file.

Game seed: 4394143654007926504

347 dialectric the Changeling (level 6, -1/44 HPs)
             Began as a Demonspawn Shapeshifter on Jan 28, 2024.
             Was a Follower of Nemelex Xobeh.
             Slain by a bullfrog (3 damage)
             ... in a sewer.
             The game lasted 00:04:42 (2798 turns).

dialectric the Changeling (Demonspawn Shapeshifter) Turns: 2798, Time: 00:04:43

Health: -1/44      AC:  2    Str: 17    XL:     6   Next: 32%
Magic:  0/6        EV: 14    Int: 10    God:    Nemelex Xobeh [*.....]
Gold:   220        SH:  0    Dex: 12    Spells: 5/5 levels left

rFire   . . .        e - +0 trident
rCold   . . .        (no shield)
rNeg    . . .        a - +0 animal skin
rPois   .            (helmet currently unavailable)
rElec   .            (cloak currently unavailable)
rCorr   .            (gloves currently unavailable)
SInv    .            (boots currently unavailable)
Will    .....        (no amulet)
Stlth   ++           k - +5 ring of evasion
HPRegen 0.27/turn    (no ring)
MPRegen 0.20/turn

%: guardian spirit
@: lethally poisoned (-1 -> -4), beast-form, constricted
A: beast (slay +2), demonic guardian 1, magic shield, magic regeneration,
demonic touch 2
a: Begin Untransformation, Renounce Religion, Draw Escape, Draw Destruction,
Draw Summoning


You were in a sewer.
You worshipped Nemelex Xobeh.
Nemelex Xobeh was aware of your devotion.
You were a hulking beast.
You visited 1 branch of the dungeon, and saw 3 of its levels.
You also visited: Sewer.

You collected 220 gold pieces.

Inventory:

Hand Weapons
 e - a +0 trident (weapon)
Missiles
 h - 3 datura-tipped darts (quivered)
 n - 4 javelins
 w - 4 poisoned darts
Armour
 a - a +0 animal skin (worn)
 s - a +0 helmet
Jewellery
 k - a +5 ring of evasion (left hand)
Talismans
 c - a beast talisman
 d - a flux talisman
 x - a serpent talisman
Wands
 y - a wand of paralysis (7)
Scrolls
 b - a scroll of identify {unknown}
 f - 2 scrolls of noise {unknown}
 g - 2 scrolls of fog {unknown}
 m - 5 scrolls of teleportation {unknown}
 o - a scroll of immolation {unknown}
 q - a scroll of enchant armour {unknown}
 r - a scroll of torment {unknown}
 u - a scroll of revelation {unknown}
 z - a scroll of enchant weapon {unknown}
 B - a scroll of brand weapon {unknown}
Potions
 j - 2 potions of berserk rage {unknown}
 l - 4 potions of mutation {unknown}
 p - 3 potions of invisibility {unknown}
 t - a potion of brilliance {unknown}
 v - a potion of might {unknown}
 A - 2 potions of attraction {unknown}


   Skills:
 + Level 2.2 Fighting
 + Level 2.8 Polearms
 * Level 3.1 Dodging
 - Level 1.2 Stealth
 - Level 3.0 Unarmed Combat
 * Level 3.9 Shapeshifting


You had 5 spell levels left.
You didn't know any spells.
Your spell library contained the following spells:

 Spells                   Type           Power      Damage    Failure   Level
 Blink                    Tloc           0%         N/A       50%         2
 Call Imp                 Summ           0%         N/A       50%         2
 Lesser Beckoning         Tloc           0%         N/A       50%         2
 Momentum Strike          Conj/Tloc      0%         3d8       50%         2
 Sublimation of Blood     Necr           0%         N/A       50%         2
 Summon Hydra             Summ           0%         N/A       100%        7


Dungeon Overview and Level Annotations

Branches:
Dungeon (3/15)              Sewer (1/1)

Altars:
Nemelex Xobeh


Innate Abilities, Weirdness & Mutations

You are a hulking beast.
Your limbs bulge with bestial killing power. (Slay +2)
A weak demonic guardian rushes to your aid.
When hurt, damage is shared between your health and your magic reserves.
You regenerate magic rapidly.
Your touch may inflict irresistible damage on your foes.


Message History

You are poisoned.
The adder poisons you! The bullfrog hits you.
The adder bites you but does no damage. The ball python barely misses you.
The ball python constricts you. The ball python bites you.
The bullfrog hits you! The adder bites you.
* * * LOW HITPOINT WARNING * * *
You are lethally poisoned!
The adder poisons you! The adder barely misses you.
You feel better. The adder barely misses you.
The ball python closely misses you. The ball python constricts you.
The ball python bites you. The bullfrog hits you!
* * * LOW HITPOINT WARNING * * *
The adder bites you but does no damage. The adder barely misses you.
The adder bites you.
* * * LOW HITPOINT WARNING * * *
You are poisoned.
The adder poisons you!
Okay, then.
Unknown command.
You closely miss the adder.
You touch the adder!
The adder is severely wounded.
You feel sick. The bullfrog closely misses you. The ball python misses you.
The ball python constricts you. The ball python bites you.
* * * LOW HITPOINT WARNING * * *
A demonic guardian appears!
The adder bites you.
* * * LOW HITPOINT WARNING * * *
The adder closely misses you. The adder bites you.
* * * LOW HITPOINT WARNING * * *
The bullfrog closely misses you. The ball python misses you.
The ball python constricts you.
* * * LOW HITPOINT WARNING * * *
Unknown command.
You closely miss the bullfrog.
The bullfrog is moderately wounded.
* * * LOW HITPOINT WARNING * * *
You feel sick. The adder bites you. The adder closely misses you.
The ball python misses you. The adder bites you but does no damage.
The bullfrog hits you.
You die...
Your body disappears without a glow.

#####################
...~~≈≈~FS~≈~≈≈≈≈≈..###
...≈≈~~lSh.~#≈~~≈~~...##
...~~≈~~SSS≈~~~~~≈.....#
..~≈~~~≈≈l≈5≈~~~~~~....#
...~≈~≈~≈≈≈≈≈≈≈~≈~.....##
..#~~≈≈≈≈≈≈≈≈≈≈≈≈~......#
# ##################....#
####...## #..#.††.#
#..'.†..#


You could see a bullfrog, 3 adders, 2 ball pythons, 2 frilled lizards and a
friendly quasit (summoned).

Vanquished Creatures
  A bullfrog (Sewer)
  A bombardier beetle (D:3)
  An orc priest (D:3)
  3 river rats (Sewer)
  2 adders (D:2)
  2 dart slugs (D:2)
  2 ribbon worms (D:3)
  4 orcs (D:3)
  6 endoplasms
  5 giant cockroaches
  9 goblins
  8 hobgoblins
  10 jackals
  5 quokkas
  13 ball pythons
  3 bats
  5 frilled lizards
  9 kobolds
  21 rats
110 creatures vanquished.

Vanquished Creatures (collateral kills)
  A bombardier beetle (D:3)
  Robin (D:2)
  A ball python (Sewer)
  3 goblins (D:2)
  2 rats (Sewer)
8 creatures vanquished.

Grand Total: 118 creatures vanquished

Notes
Turn   | Place    | Note
-------+----------+-------------------------------------------
     0 | D:1      | dialectric the Demonspawn Shapeshifter began the quest for
                  | the Orb.
     0 | D:1      | Reached XP level 1. HP: 15/15 MP: 1/1
    99 | D:1      | Gained mutation: Your touch may inflict minor irresistible
                  | damage on your foes. [demonic ancestry]
    99 | D:1      | Reached XP level 2. HP: 20/21 MP: 2/2
   668 | D:1      | Gained mutation: Your touch may inflict irresistible damage
                  | on your foes. [demonic ancestry]
   668 | D:1      | Reached XP level 3. HP: 19/26 MP: 3/3
  1482 | D:2      | Reached skill level 1 in Polearms
  1482 | D:2      | Gained mutation: A weak demonic guardian rushes to your
                  | aid. [demonic ancestry]
  1482 | D:2      | Reached XP level 4. HP: 32/32 MP: 4/4
  1504 | D:2      | Noticed Robin
  1543 | D:2      | HP: 1/32 [Robin/+0 whip (2)]
  1543 | D:2      | Killed Robin
  1950 | D:2      | Found a faded altar of an unknown god.
  1959 | D:2      | Prayed at the altar of an unknown god.
  1959 | D:2      | Became a worshipper of Nemelex Xobeh the Trickster
  1959 | D:2      | Reached * piety under Nemelex Xobeh
  1959 | D:2      | Received a gift from Nemelex Xobeh
  2216 | D:3      | Gained mutation: You regenerate magic rapidly. [demonic
                  | ancestry]
  2216 | D:3      | Reached XP level 5. HP: 26/38 MP: 5/5
  2344 | D:3      | Reached skill level 1 in Stealth
  2428 | D:3      | Found a glowing drain.
  2432 | Sewer    | Entered a sewer
  2681 | Sewer    | Gained mutation: When hurt, damage is shared between your
                  | health and your magic reserves. [demonic ancestry]
  2681 | Sewer    | Reached XP level 6. HP: 40/44 MP: 6/6
  2798 | Sewer    | HP: 2/44 [poisoned by an adder]
  2798 | Sewer    | Slain by a bullfrog

Illustrated notes

Levels and vault maps discovered:
D:1:      elethiomel_arrival_quiet, layout_basic, minmay_shallow_snake_nest
D:2:      layout_loops_ring, serial_bayou, serial_bayou_shore_b,
          serial_bayou_lagoon_b, serial_bayou_pond_e, serial_bayou_shore_b,
          chequers_ecumenical_altar_grove, uniq_robin
D:3:      layout_rooms, serial_shops, shop, gup_sewer_entry_bowl,
          minmay_rat_hole
Sewer:    sewer_minmay_w

Skill      XL: |  1  2  3  4  5  6 |
---------------+-------------------+-----
Unarmed Combat | 3 |  3.0
Shapeshifting  | 3 |  3.9
Dodging        | 2 3 |  3.1
Polearms       | 1 2 |  2.8
Stealth        | 1 |  1.2
Fighting       | 2 |  2.2

Action                     |  1- 3 |  4- 6 || total
---------------------------+-------+-------++-------
  Melee: Unarmed           |     8 |       ||     8
         Trident           |    83 |   162 ||   245
         Touch             |    14 |    11 ||    25
         Punch             |     1 |     1 ||     2
    Use: Potion            |       |     5 ||     5
   Stab: Sleeping          |     3 |     3 ||     6
 Armour: Animal skin       |    29 |    99 ||   128
         Skin              |       |     9 ||     9
  Dodge: Dodged            |    64 |   215 ||   279
